 Dungeon Crawl Stone Soup version 0.21.1-1-g345015fe64 (webtiles) character file.

433832 Lusmu the Unseen (level 23, -6/130 HPs)
             Began as a Tengu Artificer on Apr 22, 2018.
             Was a High Priest of Nemelex Xobeh.
             Killed by a resonance strike
             ... invoked by a ragged hierophant
              (22 damage)
             ... in the Desolation of Salt on Apr 26, 2018.
             The game lasted 06:53:16 (78488 turns).

Lusmu the Unseen (Tengu Artificer)                 Turns: 78488, Time: 06:53:16

Health: -6/130     AC: 26    Str: 16    XL:     23   Next: 97%
Magic:  35/35      EV: 27    Int: 19    God:    Nemelex Xobeh [*****.]
Gold:   1656       SH: 10    Dex: 24    Spells: 0/36 levels left

rFire    + + .     SeeInvis +   q - +8 rapier (flame)
rCold    + + .     Gourm    .   a - +3 warlock's mirror {reflect}
rNeg     + + .     Faith    .   G - +8 scale mail of a labyrinth {rElec rC+ MR+}
rPois    +         Spirit   .   x - +0 hat {SInv}
rElec    +         Reflect  +   Z - +1 cloak {+Inv}
rCorr    .         Harm     .   Y - +2 pair of gloves
MR       ++...                  (boots unavailable)
Stlth    ++++++....             y - amulet of regeneration
HPRegen  0.71/turn              s - ring of Beogh's Anger {rC+ rN+ Dex+4}
MPRegen  0.24/turn              U - ring "Dyhohune" {rF+ rN+ Int+2 Stlth+}

@: flying quickly and evasively, studying Hexes, quick
A: beak, talons 3, molten scales 1, agile 1, clever 1, fire resistance 1, frail
1, sense surroundings 1, poison resistance, evolution 1, able to fly 2
}: 2/15 runes: decaying, serpentine
a: Stop Flying, Triple Draw, Deal Four, Stack Five, Renounce Religion, Evoke
Invisibility


You were in the Desolation of Salt.
You worshipped Nemelex Xobeh.
Nemelex Xobeh was extremely pleased with you.
You were not hungry.

You visited 8 branches of the dungeon, and saw 38 of its levels.
You visited the Abyss 1 time.
You also visited: Ossuary, Bailey, Ice Cave, Wizlab and Desolation.

You collected 4964 gold pieces.
You spent 3308 gold pieces at shops.

Inventory:

Hand Weapons
 q - a +8 rapier of flaming (weapon)
 P - the +8 dagger "Tuqyf" {pierce, Stlth+}
   (You took it off an orc on level 1 of the Vaults)

   It inflicts extra damage upon your enemies.
   It makes you more stealthy.
Missiles
 h - 8 javelins
 m - 12 tomahawks (quivered)
 O - 3 throwing nets
Armour
 a - the +3 warlock's mirror (worn) {reflect}
   (You found it on level 4 of the Vaults)
 x - a +0 hat of see invisible (worn)
 G - the +8 scale mail of a labyrinth (worn) {rElec rC+ MR+}
   (You found it on level 8 of the Dungeon)

   It protects you from cold.
   It insulates you from electricity.
   It affects your resistance to hostile enchantments.
 Y - a +2 pair of gloves (worn)
 Z - a +1 cloak of invisibility (worn)
Jewellery
 s - the ring of Beogh's Anger (left hand) {rC+ rN+ Dex+4}
   (You found it on level 15 of the Dungeon)

   [ring of positive energy]

   It affects your dexterity (+4).
   It protects you from cold.
   It protects you from negative energy.
 y - an amulet of regeneration (around neck)
 U - the ring "Dyhohune" (right hand) {rF+ rN+ Int+2 Stlth+}
   (You took it off a vault warden on level 3 of the Vaults)

   [ring of positive energy]

   It affects your intelligence (+2).
   It protects you from fire.
   It protects you from negative energy.
   It makes you more stealthy.
Wands
 d - a wand of enslavement (21)
 t - a wand of digging (27)
 w - a wand of iceblast (5)
 M - a wand of acid (8)
 S - a wand of paralysis (29)
Scrolls
 e - a scroll of blinking
 g - 5 scrolls of magic mapping
 k - 6 scrolls of teleportation
 l - a scroll of fog
 o - a scroll of holy word
 D - 4 scrolls of fear
 F - a scroll of enchant armour
Potions
 i - 2 potions of haste
 p - a potion of heal wounds
 u - 4 potions of curing
 v - 8 potions of brilliance
 C - 3 potions of might
 R - 2 potions of resistance
 T - 2 potions of berserk rage
Books
 I - a manual of Hexes
Miscellaneous
 b - a legendary deck of destruction {Vitriol, left: 3}
 c - a lamp of fire
 j - an ornate deck of destruction {the Storm, left: 3}
 r - a sack of spiders
 z - a phantom mirror
 A - an ornate deck of destruction {drawn: 5}
 B - a legendary deck of escape {the Tomb, left: 1}
 E - a legendary deck of summoning {drawn: 2}
 H - a phial of floods (inert)
 J - a plain deck of destruction {drawn: 4}
 K - a legendary deck of escape
 L - an ornate deck of summoning {drawn: 3}
 N - a legendary deck of destruction {Degeneration, left: 1}
 Q - a legendary deck of escape {Velocity, left: 5}
 V - a fan of gales (inert)
 W - a legendary deck of summoning {drawn: 2}
 X - a legendary deck of destruction {Degeneration, left: 2}
Comestibles
 f - 48 rations


   Skills:
 + Level 15.5 Fighting
 - Level 14.0 Short Blades
 - Level 5.0 Throwing
 - Level 15.0 Armour
 - Level 15.0 Dodging
 + Level 16.2 Stealth
 + Level 6.1 Shields
 + Level 7.3 Spellcasting
 - Level 6.0 Conjurations
 - Level 8.0 Hexes
 - Level 7.0 Charms
 - Level 6.0 Summonings
 - Level 7.0 Necromancy
 + Level 6.1 Translocations
 - Level 1.1 Ice Magic
 - Level 6.0 Air Magic
 - Level 6.0 Poison Magic
 - Level 12.0 Invocations
 - Level 11.0 Evocations


You couldn't memorise any spells.
You knew the following spells:

 Your Spells              Type           Power        Failure   Level  Hunger
a - Blink                 Tloc           N/A          2%          2    None
b - Tornado               Air            ####......   100%        9    #######
c - Summon Butterflies    Summ           ####....     1%          1    None
d - Mephitic Cloud        Conj/Pois/Air  ####....     6%          3    #......
e - Swiftness             Chrm/Air       ####....     2%          2    None
f - Lightning Bolt        Conj/Air       ####......   50%         5    #####..
g - Cause Fear            Hex            #####.....   9%          4    ###....
h - Passage of Golubria   Tloc           N/A          19%         4    ###....
i - Ozocubu's Armour      Chrm/Ice       ###.....     14%         3    #......
x - Regeneration          Chrm/Necr      ####......   3%          3    #......


Dungeon Overview and Level Annotations

Branches:
Dungeon (15/15)            Temple (1/1) D:4            Lair (6/6) D:10
  Swamp (4/4) Lair:4        Snake (4/4) Lair:2        Slime (0/5) Lair:5
    Orc (2/2) D:10            Elf (2/3) Orc:2        Vaults (4/5) D:13
  Crypt (0/3) Vaults:3     Depths (0/5) D:15

Altars:
Ashenzari
Cheibriados
Dithmenos
Elyvilon
Fedhas
Gozag
Hepliaklqana
Kikubaaqudgha
Makhleb
Nemelex Xobeh
Okawaru
Qazlal
Ru
Sif Muna
Trog
Uskayaw
Vehumet
Wu Jian
Xom
Yredelemnul
Zin
The Shining One
Jiyva

Shops:
D:6 *   D:14 *   Orc:1 (   Orc:2 ***}!((   Elf:1 (   Snake:1 }}=   Vaults:1 !

Portals:
Trove: D:12 (give +6 demon trident)

Annotations:
D:4 Dowan
Lair:6 Lorindel's ghost, journeyman DgTm


Innate Abilities, Weirdness & Mutations

You have a beak for a mouth.
You have claws for feet.
You can fly continuously.
You are partially covered in molten scales. (AC +2)
You are agile. (Dex +2)
Your mind is acute. (Int +2)
Your flesh is heat resistant. (rF+)
You are frail. (-10% HP)
You passively map a small area around you.
Your system is resistant to poisons. (rPois)
You evolve.


Message History

Evoke which item? (* to show all) (? for menu, Esc to quit)
You draw a card...
It is the Illusion.
Suddenly you stand beside yourself. Something hits your orb spider!!
The saltling completely misses you.
The saltling hits you but does no damage.
The saltling closely misses you.
Unknown command.
Evoke which item? (* to show all) (? for menu, Esc to quit)
You draw a card...
It is the Elements.
The saltling no longer looks unusually strong.
The saltling hits you.
* * * LOW HITPOINT WARNING * * *
You block the saltling's attack. The saltling completely misses you.
The saltling closely misses your orb spider.
Lusmu's illusion casts a spell.
You block the saltling's attack. You block the saltling's attack.
The ragged hierophant gestures at you while chanting.
A blast of power from the earth and the saltlings strikes you!
You die...
Your body glows with a rainbow of weird colours and disappears.

#############################
#############################
*
#############################
*
#############################
*#############################
, ..§§8§§§.)...............
..§§§§..))............... , ,
..§§§s.88#............... ,
..§§bbp8@.)..............
,..§§§b8Db)...............
,,..§§§@D.b................ ,
..§.§bbb................. ,
..§§§bb.................. , ,
,,§§.§§....#............... ,,
#....§....§.............. , ,
#...§§§.§§§§§.......8....
.##......................


You could see a ragged hierophant, 4 saltlings, a friendly iron golem, a
friendly fire dragon, a friendly ice dragon, a friendly orb spider and the
friendly Lusmu's illusion.

Vanquished Creatures
  A profane servitor (Abyss:2)
  A lich (Vaults:4)
  Asterion (Elf:2)
  Frances (Elf:1)
  Agnes (Snake:1)
  A thorn hunter (Swamp:3)
  4 tengu reavers
  8 nagarajas
  3 imperial myrmidons (Desolation)
  A frost giant (Vaults:3)
  2 deep elf sorcerers
  2 fire giants
  Aizul (Vaults:4)
  A curse skull (Vaults:3)
  13 vault wardens
  A ghoul (D:13)
  2 war gargoyles
  5 stone giants
  10 very ugly things
  3 entropy weavers
  7 ironheart preservers
  A vampire knight (Vaults:3)
  Azrael (D:15)
  9 purple draconians (WizLab)
  A deep elf demonologist (Vaults:1)
  Nessos (D:12)
  The ghost of DwarfAlpaca the Warrior, a journeyman FeCj of Ashenzari (Swamp:4)
  The ghost of tensugalgo the Cleaver, a journeyman NaWn of Okawaru (D:12)
  8 statues (WizLab)
  A blizzard demon (Swamp:4)
  A crystal guardian (Desolation)
  An ettin (Vaults:4)
  A green death (Swamp:4)
  Josephine (D:12)
  4 fire dragons
  Snorg (D:11)
  2 ragged hierophants
  2 great orbs of eyes (D:15)
  An eidolon (Vaults:3)
  2 death oozes (Swamp:4)
  13 ogre magi
  9 yaktaur captains
  Harold (D:12)
  14 vault guards
  Erolcha (D:11)
  A hell beast (Swamp:4)
  4 rakshasas
  4 ice dragons
  4 peacekeepers
  3 servants of whispers (Desolation)
  12 naga warriors
  Erica (D:8)
  17 hydras
  14 anacondas
  7 centaur warriors
  4 death knights
  32 two-headed ogres
  2 tengu warriors (D:15)
  7 dancing weapons
  4 deep troll shamans
  3 alligators
  A vampire mage (D:12)
  3 orc high priests
  14 naga sharpshooters
  2 large abominations (Abyss:2)
  3 thrashing horrors
  8 deep elf knights
  2 shock serpents
  3 sea snakes (Snake:1)
  3 shadow wraiths
  A salamander mystic (Snake:3)
  10 skeletal warriors
  7 deep trolls
  2 glowing orange brains
  2 spriggan druids (Swamp:4)
  An unseen horror (D:14)
  A flayed ghost (Vaults:2)
  10 naga ritualists
  5 swamp dragons
  4 wizards
  A shambling mangrove (Swamp:3)
  5 deep elf archers
  2 phantasmal warriors
  18 orc knights
  4 harpies (Vaults:3)
  42 deep elf magi
  10 ironbrand convokers
  A harpy (shapeshifter) (Vaults:1)
  8 mana vipers
  A human zombie (Vaults:1)
  2 necromancers (Vaults:1)
  5 orc sorcerers
  A stone giant zombie (Vaults:1)
  36 ugly things
  11 cyclopes
  2 salamanders
  A salamander (shapeshifter) (Vaults:3)
  4 wolf spiders
  3 elephants
  Maurice (D:13)
  5 guardian serpents
  A rust devil (Abyss:2)
  A stone giant skeleton (Vaults:1)
  A smoke demon (Abyss:2)
  46 black mambas
  14 vault sentinels
  26 naga magi
  21 spiny frogs
  A molten gargoyle (Desolation)
  A gargoyle (D:13)
  3 orange demons (Swamp:4)
  45 yaktaurs
  3 centaur skeletons
  2 rime drakes
  7 komodo dragons
  An efreet (D:14)
  3 anaconda simulacra (IceCv)
  5 ice devils (IceCv)
  An ancient zyme (Abyss:2)
  11 freezing wraiths
  2 tengu conjurers
  2 hellwings (Abyss:2)
  2 golden dragon simulacra (IceCv)
  4 tyrant leeches
  18 trolls
  A queen bee (shapeshifter) (Vaults:3)
  A polar bear (Lair:2)
  A shadow dragon simulacrum (Abyss:2)
  A meliai (D:15)
  2 wolf spider simulacra
  17 saltlings
  13 hornets
  3 raiju (Abyss:2)
  2 ettin zombies (Vaults:1)
  A hornet (shapeshifter) (Elf:1)
  8 blink frogs
  60 slime creatures
  12 bog bodies
  Prince Ribbit (D:6)
  2 dream sheep (shapeshifter)
  10 hippogriffs
  7 dream sheep (Lair:5)
  A human simulacrum (Vaults:1)
  A ynoxinul (Abyss:2)
  A water elemental (Elf:2)
  7 redbacks
  A dire elephant simulacrum (IceCv)
  A wyvern (shapeshifter) (Elf:1)
  12 wyverns
  8 wraiths
  5 shadows
  9 spriggans
  A tarantella (shapeshifter) (D:15)
  55 yaks
  A hungry ghost (D:14)
  A chaos spawn (Abyss:2)
  Grum (D:8)
  3 basilisks
  An iron troll simulacrum (IceCv)
  17 vampire mosquitoes
  A neqoxec (Abyss:2)
  3 fire elementals
  7 wargs
  2 insubstantial wisps
  3 harpy simulacra (IceCv)
  47 nagas
  6 small abominations (Abyss:2)
  2 soldier ants
  25 swamp worms
  An acid dragon (shapeshifter) (D:15)
  2 acid dragons (D:15)
  30 water moccasins
  2 floating eyes (D:15)
  4 hydra simulacra (IceCv)
  10 porcupines
  3 hell hounds
  6 sky beasts
  6 ice beasts
  37 orc warriors
  An alligator simulacrum (IceCv)
  4 swamp drakes
  An ettin simulacrum (IceCv)
  2 phantoms
  3 boggarts (D:15)
  40 ogres
  16 centaurs
  16 wolves
  10 crocodiles
  5 big kobolds
  16 bullfrogs
  A yaktaur skeleton (Vaults:1)
  4 earth elementals
  A human skeleton (Vaults:1)
  4 water moccasin zombies (Ossuary)
  A hornet simulacrum (D:14)
  3 scorpions
  14 killer bees
  13 wights
  An elephant simulacrum (IceCv)
  5 electric eels
  4 howler monkeys
  4 crimson imps
  3 bullfrog zombies
  A draconian simulacrum (IceCv)
  4 jellies
  A quasit (D:9)
  6 centaur zombies
  4 hounds
  A gnoll shaman (D:6)
  18 orc priests
  18 orc wizards
  An iron imp (Abyss:2)
  Jessica (D:2)
  12 iguanas
  16 worker ants
  3 troll simulacra (IceCv)
  A polar bear simulacrum (IceCv)
  A killer bee zombie (D:8)
  2 wolf simulacra (IceCv)
  A big kobold zombie (Ossuary)
  3 centaur simulacra (IceCv)
  A hound zombie (D:5)
  A hound skeleton (D:10)
  2 mummies (Ossuary)
  5 gnolls (D:6)
  A howler monkey skeleton (D:8)
  21 adders
  3 ogre simulacra (IceCv)
  5 shadow imps
  4 white imps
  5 ufetubi
  An ooze (D:3)
  6 adder zombies
  An adder skeleton (D:9)
  4 worms (D:2)
  A leopard gecko (D:7)
  74 orcs
  3 ball pythons
  8 bats
  8 giant cockroaches
  5 gnoll zombies (Ossuary)
  10 goblins
  6 hobgoblins
  5 jackals
  29 kobolds
  6 quokkas
  3 frilled lizards
  A giant cockroach zombie (D:5)
  4 hobgoblin zombies (Ossuary)
  8 kobold zombies (Ossuary)
  3 orc zombies (Ossuary)
  A quokka skeleton (D:6)
  A quokka zombie (D:7)
  7 rats
  9 briar patches (Swamp:3)
1715 creatures vanquished.

Vanquished Creatures (collateral kills)
  An Ice Fiend (IceCv)
  A nagaraja (Snake:4)
  A deep elf sorcerer (Elf:1)
  3 vault wardens (Vaults:2)
  2 ironheart preservers (Vaults:2)
  A very ugly thing (Vaults:1)
  2 purple draconians (WizLab)
  A statue (WizLab)
  A ragged hierophant (Desolation)
  A servant of whispers (Desolation)
  A naga warrior (Snake:3)
  An anaconda (Snake:3)
  A two-headed ogre (Vaults:2)
  A naga sharpshooter (Snake:3)
  A deep elf knight (Vaults:3)
  A shock serpent (Snake:4)
  A wizard (Vaults:4)
  A naga ritualist (Snake:4)
  3 swamp dragons
  A deep elf archer (Elf:2)
  5 orc knights
  A wolf spider zombie (D:15)
  An ugly thing (Vaults:1)
  3 mana vipers (Snake:4)
  16 deep elf magi
  2 salamanders
  6 naga magi
  A guardian serpent (Snake:3)
  A yaktaur (D:15)
  A spiny frog (Swamp:3)
  A hornet (Swamp:3)
  8 saltlings (Desolation)
  A fire elemental (Elf:2)
  A yak (shapeshifter) (D:15)
  A water elemental (Elf:2)
  A wraith (Vaults:1)
  A vampire mosquito (Swamp:1)
  10 nagas
  A hell hound (D:15)
  11 orc warriors
  5 ogres
  A wolf (D:8)
  A centaur (Vaults:1)
  An orc priest (Vaults:1)
  2 orc wizards (Vaults:3)
  5 orcs
114 creatures vanquished.

Vanquished Creatures (others)
  Rupert (D:11)
  A nagaraja (Snake:4)
  2 two-headed ogres
  An ugly thing (Vaults:2)
  A deep elf mage (WizLab)
  A naga mage (Snake:3)
  A guardian serpent (Snake:4)
  An ogre (Vaults:2)
  An orc wizard (Vaults:2)
  4 white imps (IceCv)
  An ufetubus (IceCv)
  20 fungi
  33 plants
  2 starspawn tentacles (Abyss:2)
70 creatures vanquished.

Grand Total: 1899 creatures vanquished

Notes
Turn   | Place    | Note
-------+----------+-------------------------------------------
     0 | D:1      | Lusmu the Tengu Artificer began the quest for the Orb.
     0 | D:1      | Reached XP level 1. HP: 12/12 MP: 4/4
   105 | D:1      | Reached XP level 2. HP: 10/16 MP: 5/5
   385 | D:1      | Reached skill level 2 in Stealth
   702 | D:2      | Reached XP level 3. HP: 19/20 MP: 6/6
   861 | D:2      | HP: 1/20 [kobold (4)]
  1153 | D:2      | Reached XP level 4. HP: 4/26 MP: 7/7
  1155 | D:2      | Gained mutation: You are partially covered in molten scales. (AC +2) [potion of mutation]
  1155 | D:2      | Gained mutation: You passively map a small area around you. [potion of mutation]
  1165 | D:1      | HP: 1/26 [poisoned by a kobold]
  1725 | D:2      | Noticed Jessica
  1726 | D:2      | Killed Jessica
  2223 | D:2      | Found a faded altar of an unknown god.
  2321 | D:3      | Gained mutation: You can fly. [Tengu growth]
  2321 | D:3      | Reached XP level 5. HP: 31/31 MP: 8/8
  2457 | D:3      | Found a white marble altar of Elyvilon.
  2801 | D:3      | Found a basalt altar of Yredelemnul.
  3220 | D:4      | Reached skill level 3 in Stealth
  3649 | D:4      | Reached XP level 6. HP: 23/37 MP: 9/9
  3906 | D:4      | Found a shattered altar of Ashenzari.
  4005 | D:4      | Found a staircase to the Ecumenical Temple.
  4142 | D:4      | Noticed Dowan
  4198 | Temple   | Entered the Ecumenical Temple
  4265 | Temple   | Became a worshipper of Nemelex Xobeh the Trickster
  4403 | D:5      | Entered Level 5 of the Dungeon
  4466 | D:5      | Reached skill level 5 in Short Blades
  4466 | D:5      | Reached XP level 7. HP: 29/43 MP: 10/10
  4698 | D:5      | Received a gift from Nemelex Xobeh
  4736 | D:5      | Reached skill level 4 in Stealth
  4797 | D:5      | Found a sand-covered staircase.
  4812 | Ossuary  | Entered an ossuary
  5056 | Ossuary  | Reached skill level 5 in Fighting
  5266 | Ossuary  | Reached XP level 8. HP: 15/49 MP: 11/11
  5838 | D:5      | Found a deep blue altar of Sif Muna.
  6180 | D:6      | Reached * piety under Nemelex Xobeh
  6608 | D:6      | Reached skill level 5 in Stealth
  6654 | D:6      | Found Zosing's Assorted Antiques.
  6901 | D:6      | Received a gift from Nemelex Xobeh
  6934 | D:6      | Noticed Prince Ribbit
  6948 | D:6      | Killed Prince Ribbit
  7197 | D:6      | Reached XP level 9. HP: 56/56 MP: 12/12
  7605 | D:6      | Reached skill level 6 in Stealth
  8309 | D:7      | Found a glowing silver altar of Zin.
  8309 | D:7      | Found an opulent altar of Gozag.
  8633 | D:7      | Reached XP level 10. HP: 26/65 MP: 8/13
  9019 | D:8      | Got a fine helmet
  9057 | D:8      | Reached ** piety under Nemelex Xobeh
  9098 | D:7      | Reached skill level 7 in Stealth
  9394 | D:8      | Noticed Erica
  9397 | D:8      | Noticed Grum
  9607 | D:8      | Reached skill level 10 in Short Blades
  9853 | D:7      | Learned a level 3 spell: Ozocubu's Armour
  9857 | D:7      | Learned a level 3 spell: Regeneration
 10120 | D:8      | Found a radiant altar of Vehumet.
 10141 | D:8      | Got a slimy scale mail
 10151 | D:8      | Killed Grum
 10352 | D:8      | Killed Erica
 10728 | D:9      | Received a gift from Nemelex Xobeh
 10758 | D:9      | Found a sacrificial altar of Ru.
 10985 | D:9      | Found a snail-covered altar of Cheibriados.
 11444 | D:10     | Entered Level 10 of the Dungeon
 11459 | D:9      | Learned a level 1 spell: Summon Butterflies
 11470 | D:9      | Identified the +8 scale mail of a labyrinth {rElec rC+ MR+} (You found it on level 8 of the Dungeon)
 11627 | D:10     | Reached *** piety under Nemelex Xobeh
 11793 | D:10     | Reached skill level 10 in Fighting
 11983 | D:10     | Found a staircase to the Lair.
 12074 | D:10     | Reached skill level 8 in Stealth
 12089 | D:10     | Found a staircase to the Orcish Mines.
 12358 | D:11     | Noticed a brown ugly thing
 12373 | D:11     | Killed a brown ugly thing
 12373 | D:11     | Reached XP level 11. HP: 36/73 MP: 7/14
 12743 | Lair:1   | Entered Level 1 of the Lair of Beasts
 12743 | Lair:1   | Noticed a six-headed hydra
 12771 | Lair:1   | Killed a six-headed hydra
 13184 | Lair:1   | Received a gift from Nemelex Xobeh
 13386 | Lair:1   | Found an iron altar of Okawaru.
 13646 | Lair:1   | Received a gift from Nemelex Xobeh
 13993 | Lair:1   | Reached skill level 1 in Armour
 13997 | Lair:1   | Reached skill level 1 in Shields
 14460 | Lair:2   | Reached skill level 9 in Stealth
 14693 | Lair:2   | Found a staircase to the Snake Pit.
 14806 | Lair:2   | Reached XP level 12. HP: 75/80 MP: 15/15
 14991 | Lair:2   | Reached **** piety under Nemelex Xobeh
 15189 | Lair:2   | Reached skill level 5 in Dodging
 15512 | Lair:2   | Received a gift from Nemelex Xobeh
 15890 | Lair:3   | Reached skill level 10 in Stealth
 16231 | Lair:3   | Reached skill level 5 in Armour
 16709 | Lair:4   | Received a gift from Nemelex Xobeh
 17191 | Lair:4   | Found a staircase to the Swamp.
 17200 | Lair:4   | Noticed a seven-headed hydra
 17212 | Lair:4   | Killed a seven-headed hydra
 17433 | Lair:4   | Reached skill level 11 in Stealth
 17745 | Lair:5   | Found a staircase to the Slime Pits.
 17745 | Lair:5   | Found a viscous altar of Jiyva.
 17902 | Lair:5   | Reached skill level 1 in Invocations
 18061 | Lair:5   | Received a gift from Nemelex Xobeh
 18156 | Lair:5   | Reached XP level 13. HP: 83/84 MP: 16/16
 18560 | Lair:5   | Reached ***** piety under Nemelex Xobeh
 18560 | Lair:5   | Received a gift from Nemelex Xobeh
 19247 | Lair:6   | Entered Level 6 of the Lair of Beasts
 19291 | Lair:6   | Reached skill level 5 in Invocations
 19529 | Lair:6   | Received a gift from Nemelex Xobeh
 19626 | Lair:6   | Noticed Lorindel's ghost (journeyman DgTm)
 20520 | Lair:6   | Reached skill level 10 in Dodging
 20936 | Lair:6   | Gained mutation: You can fly continuously. [Tengu growth]
 20936 | Lair:6   | Reached XP level 14. HP: 90/90 MP: 21/21
 22151 | Orc:1    | Entered Level 1 of the Orcish Mines
 22589 | Orc:1    | Reached skill level 10 in Invocations
 23028 | Orc:1    | Found Nimocwa's Antique Weapon Shop.
 23250 | Orc:2    | Entered Level 2 of the Orcish Mines
 23319 | Orc:2    | Found Lueryph Ypos's General Store.
 23339 | Orc:2    | Found a staircase to the Elven Halls.
 23457 | Orc:2    | Found Docwaej's Assorted Antiques.
 23459 | Orc:2    | Found Ydimm's Assorted Antiques.
 23799 | Orc:2    | Found Ozas's Gadget Shop.
 24252 | Orc:2    | Reached skill level 5 in Evocations
 24283 | Orc:2    | Bought a scroll labeled ETROID BAKIEK for 31 gold pieces
 24283 | Orc:2    | Bought a fuming amethyst potion for 27 gold pieces
 24283 | Orc:2    | Bought a scroll labeled MEQAVAWNYOPY for 31 gold pieces
 24283 | Orc:2    | Bought a fuming cyan potion for 27 gold pieces
 24314 | Orc:2    | Found Xuakhyr's Food Emporium.
 24319 | Orc:2    | Found Siluicai's Antique Weapon Boutique.
 24320 | Orc:2    | Found Hiagekh's Weapon Shop.
 25174 | Orc:2    | Received a gift from Nemelex Xobeh
 25184 | Orc:2    | Found Ugoum's Distillery.
 26058 | Orc:2    | Bought an encrusted short sword for 240 gold pieces
 26071 | Orc:2    | Bought a pair of embroidered gloves for 202 gold pieces
 26176 | Orc:2    | Identified the +9 short sword of Compulsion {speed, *Corrode rC++ Str-3 Int+8} (You bought it in a shop on level 2 of the Orcish Mines)
 26257 | Orc:2    | Bought a ration for 65 gold pieces
 26257 | Orc:2    | Bought a ration for 65 gold pieces
 26257 | Orc:2    | Bought a ration for 65 gold pieces
 26257 | Orc:2    | Bought a ration for 65 gold pieces
 26257 | Orc:2    | Bought a ration for 65 gold pieces
 26257 | Orc:2    | Bought a ration for 65 gold pieces
 26257 | Orc:2    | Bought a ration for 65 gold pieces
 26257 | Orc:2    | Bought a ration for 65 gold pieces
 26257 | Orc:2    | Bought a ration for 65 gold pieces
 26257 | Orc:2    | Bought a ration for 65 gold pieces
 26257 | Orc:2    | Bought a ration for 65 gold pieces
 26272 | Orc:2    | Bought a potion of might for 48 gold pieces
 26272 | Orc:2    | Bought a potion of might for 48 gold pieces
 26636 | D:11     | Reached XP level 15. HP: 94/94 MP: 24/24
 26661 | D:11     | Reached skill level 10 in Armour
 26683 | D:11     | Received a gift from Nemelex Xobeh
 26750 | D:11     | Noticed Snorg
 26763 | D:11     | Killed Snorg
 27132 | D:11     | Noticed Erolcha
 27146 | D:11     | Killed Erolcha
 27585 | D:12     | Noticed tensugalgo's ghost (journeyman NaWn)
 27602 | D:12     | Killed tensugalgo's ghost
 27662 | D:12     | Noticed Rupert
 28137 | D:11     | Reached skill level 1 in Summonings
 28429 | D:11     | Reached skill level 1 in Necromancy
 28587 | D:12     | Noticed Harold
 28596 | D:12     | Killed Harold
 28596 | D:12     | Reached skill level 1 in Spellcasting
 28927 | D:12     | Reached skill level 1 in Charms
 28927 | D:12     | Reached skill level 1 in Ice Magic
 29050 | D:12     | Received a gift from Nemelex Xobeh
 29066 | D:12     | Noticed Josephine
 29081 | D:12     | Killed Josephine
 29304 | D:12     | Noticed Nessos
 29350 | D:12     | Killed Nessos
 30242 | D:12     | Cast into level 2 of the Abyss (a wizard)
 30248 | Abyss:2  | Received a gift from Nemelex Xobeh
 30292 | Abyss:2  | Noticed an Executioner
 30648 | Abyss:2  | Noticed a hellephant
 30684 | Abyss:2  | Noticed a lich
 31092 | Abyss:2  | Noticed a tentacled starspawn
 31120 | Abyss:2  | Noticed an Executioner
 31127 | Abyss:2  | Noticed a deep elf elementalist
 31175 | Abyss:2  | Reached ****** piety under Nemelex Xobeh
 31202 | Abyss:2  | Received a gift from Nemelex Xobeh
 31283 | Abyss:2  | Gained mutation: You are weak. (Str -2) [a neqoxec]
 31308 | Abyss:2  | Lost mutation: You are weak. (Str -2) [a neqoxec]
 31324 | Abyss:2  | Gained mutation: You evolve. [a neqoxec]
 31611 | Abyss:2  | Noticed a profane servitor
 31636 | Abyss:2  | Killed a profane servitor
 31636 | Abyss:2  | Reached skill level 5 in Charms
 31638 | Abyss:2  | Received a gift from Nemelex Xobeh
 31646 | D:12     | Escaped the Abyss
 31824 | D:12     | Found the +12 glaive of Prune {chop}
 31990 | D:12     | Found a portal to a secret trove of treasure.
 32247 | D:13     | Reached XP level 16. HP: 100/100 MP: 26/26
 32536 | D:13     | Noticed Maurice
 32550 | D:13     | Killed Maurice
 32592 | D:13     | Found a gate to the Vaults.
 32768 | D:11     | Paralysed by Rupert for 2 turns
 32773 | D:11     | Killed Rupert
 33033 | Swamp:1  | Entered Level 1 of the Swamp
 33252 | Swamp:1  | Found a frozen archway.
 33449 | IceCv    | Entered an ice cave
 34617 | IceCv    | Noticed an Ice Fiend
 34820 | IceCv    | Killed an Ice Fiend
 35015 | IceCv    | Got a pair of ancient boots
 35736 | Swamp:1  | Reached skill level 12 in Stealth
 36835 | Swamp:2  | Received a gift from Nemelex Xobeh
 37572 | Swamp:2  | Identified the +3 pair of boots "Hienis Fice" {Int+3} (You found it in an ice cave)
 37610 | Swamp:3  | Noticed a thorn hunter
 37739 | Swamp:3  | Received a gift from Nemelex Xobeh
 38757 | Swamp:3  | Killed a thorn hunter
 38907 | Swamp:4  | Entered Level 4 of the Swamp
 39673 | Swamp:4  | Noticed DwarfAlpaca's ghost (journeyman FeCj)
 39694 | Swamp:4  | Killed DwarfAlpaca's ghost
 39825 | Swamp:4  | Gained mutation: Your flesh is heat resistant. (rF+) [evolution]
 40235 | Swamp:4  | Reached XP level 17. HP: 108/108 MP: 27/27
 40318 | Swamp:4  | Reached skill level 13 in Stealth
 40382 | Swamp:4  | Reached skill level 1 in Throwing
 42398 | Swamp:4  | Got a decaying rune of Zot
 42879 | Lair:1   | Learned a level 2 spell: Blink
 43438 | D:13     | Reached skill level 1 in Translocations
 43753 | D:13     | Received a gift from Nemelex Xobeh
 44101 | D:14     | Found Kiqoneikh's General Store.
 44225 | D:14     | Found a flagged portal.
 44269 | Bailey   | Entered a bailey
 44295 | Bailey   | Gained mutation: You are agile. (Dex +2) [evolution]
 44568 | Bailey   | Got a blackened chain mail
 44730 | D:14     | Identified the +3 chain mail of the Black Moon {rF+} (You found it in a bailey)
 45346 | D:14     | Bought 2 scrolls of identify for 72 gold pieces
 45346 | D:14     | Bought 3 scrolls of fear for 189 gold pieces
 45434 | D:15     | Entered Level 15 of the Dungeon
 45463 | D:15     | Found an ornate altar of the Wu Jian Council.
 45527 | D:15     | Reached skill level 5 in Throwing
 45568 | D:15     | Received a gift from Nemelex Xobeh
 45598 | D:15     | Reached skill level 14 in Stealth
 45614 | D:15     | Got a flickering turquoise ring
 45616 | D:15     | Identified the ring "Paof" {rElec rN+ Int-3 SInv Stlth+} (You found it on level 15 of the Dungeon)
 45869 | D:15     | Found a glowing silver altar of Zin.
 45976 | D:15     | Got a scorched ivory ring
 45982 | D:15     | Identified the ring of Beogh's Anger {rC+ rN+ Dex+4} (You found it on level 15 of the Dungeon)
 46316 | D:15     | Received a gift from Nemelex Xobeh
 46331 | D:15     | Found a hide-covered altar of Uskayaw.
 46664 | D:15     | Reached XP level 18. HP: 116/116 MP: 28/28
 46950 | Orc:2    | Bought a scroll of identify for 54 gold pieces
 46950 | Orc:2    | Bought a scroll of identify for 54 gold pieces
 46950 | Orc:2    | Bought a scroll of identify for 54 gold pieces
 47157 | D:15     | Got a transparent platinum ring
 47162 | D:15     | Identified the ring "Epsod" {Ice Slay+5 Stlth+} (You found it on level 15 of the Dungeon)
 47177 | D:15     | Noticed Azrael
 47206 | D:15     | Killed Azrael
 47401 | D:15     | Found a staircase to the Depths.
 48363 | Vaults:1 | Entered Level 1 of the Vaults
 49153 | Vaults:1 | Reached skill level 5 in Translocations
 49689 | Vaults:1 | Found Oginatur's Distillery.
 49965 | Vaults:1 | Received a gift from Nemelex Xobeh
 50241 | Vaults:1 | Bought a potion of curing for 48 gold pieces
 50241 | Vaults:1 | Bought a potion of heal wounds for 80 gold pieces
 50241 | Vaults:1 | Bought a potion of cancellation for 128 gold pieces
 50348 | Vaults:1 | Reached skill level 5 in Necromancy
 50413 | Vaults:1 | Reached skill level 15 in Stealth
 50662 | Vaults:1 | Reached skill level 5 in Spellcasting
 50665 | Vaults:1 | Reached skill level 5 in Summonings
 51683 | Vaults:1 | Gained mutation: Your mind is acute. (Int +2) [evolution]
 52019 | Vaults:1 | Reached XP level 19. HP: 116/123 MP: 29/29
 52167 | Vaults:1 | Received a gift from Nemelex Xobeh
 52355 | Vaults:1 | Reached skill level 15 in Fighting
 52811 | Vaults:1 | Got an ivory dagger {pierce}
 52813 | Vaults:1 | Identified the +8 dagger "Tuqyf" {pierce, Stlth+} (You took it off an orc on level 1 of the Vaults)
 53022 | Vaults:1 | Received a gift from Nemelex Xobeh
 53995 | Vaults:2 | Found a magical portal.
 54009 | Vaults:2 | Received a gift from Nemelex Xobeh
 54014 | WizLab   | Entered Iskenderun's Mystic Tower
 55766 | WizLab   | Identified Iskenderun's Incunabulum of Combat Magic
 55766 | WizLab   | Identified Iskenderun's Collected Works on Arcane Weapons
 55788 | WizLab   | Identified Sif Muna's Tome of Gliding Attacks
 55850 | WizLab   | Learned a level 9 spell: Tornado
 56220 | Vaults:2 | Received a gift from Nemelex Xobeh
 56554 | Vaults:2 | Reached skill level 1 in Hexes
 56751 | Vaults:2 | Reached XP level 20. HP: 129/129 MP: 30/30
 58065 | Vaults:2 | Received a gift from Nemelex Xobeh
 59852 | Vaults:2 | Reached skill level 5 in Hexes
 60434 | Vaults:3 | Found Xoorump's Food Boutique.
 60441 | Vaults:3 | Bought a ration for 55 gold pieces
 60441 | Vaults:3 | Bought a ration for 55 gold pieces
 60441 | Vaults:3 | Bought a ration for 55 gold pieces
 60441 | Vaults:3 | Bought a ration for 55 gold pieces
 60441 | Vaults:3 | Bought a ration for 55 gold pieces
 60441 | Vaults:3 | Bought a ration for 55 gold pieces
 60441 | Vaults:3 | Bought a ration for 55 gold pieces
 60441 | Vaults:3 | Bought a ration for 55 gold pieces
 60441 | Vaults:3 | Bought a ration for 55 gold pieces
 60441 | Vaults:3 | Bought a ration for 55 gold pieces
 60441 | Vaults:3 | Bought a ration for 55 gold pieces
 60441 | Vaults:3 | Bought a ration for 55 gold pieces
 60701 | Vaults:3 | Paralysed by a wizard for 5 turns
 61050 | Lair:1   | Learned a level 3 spell: Mephitic Cloud
 61394 | Vaults:3 | Reached skill level 1 in Conjurations
 61404 | Vaults:3 | Received a gift from Nemelex Xobeh
 61410 | Vaults:3 | Reached skill level 10 in Evocations
 61459 | Vaults:3 | Reached skill level 1 in Air Magic
 61479 | Vaults:3 | Reached skill level 1 in Poison Magic
 61813 | Vaults:3 | Got a crude brass ring
 62147 | Vaults:3 | Found a staircase to the Crypt.
 62366 | Vaults:3 | Identified the ring "Dyhohune" {rF+ rN+ Int+2 Stlth+} (You took it off a vault warden on level 3 of the Vaults)
 62508 | Vaults:4 | Reached XP level 21. HP: 131/134 MP: 31/31
 64148 | Vaults:4 | Found the +3 warlock's mirror {reflect}
 64334 | Vaults:4 | Received a gift from Nemelex Xobeh
 64494 | Vaults:4 | Noticed Aizul
 64524 | Vaults:4 | HP: 6/134 [poisoned by Aizul (bolt of poison)]
 64548 | Vaults:4 | Killed Aizul
 65434 | Vaults:4 | Found a radiant altar of Vehumet.
 65547 | Vaults:4 | Got a twisted robe
 65566 | Vaults:4 | Identified the +2 robe of the Earth {rF+ MR+ Str-4 Stlth+} (You found it on level 4 of the Vaults)
 66167 | Snake:1  | Entered Level 1 of the Snake Pit
 66340 | Snake:1  | Received a gift from Nemelex Xobeh
 67146 | Snake:1  | Found Eguimig's Jewellery Boutique.
 67146 | Snake:1  | Found Fyalar's Gadget Emporium.
 67148 | Snake:1  | Found Zyoday's Gadget Emporium.
 67165 | Snake:1  | Bought a fan of gales for 400 gold pieces
 67176 | Snake:1  | Bought a sack of spiders for 200 gold pieces
 67377 | Snake:1  | Noticed Agnes
 67380 | Snake:1  | Killed Agnes
 67530 | Snake:1  | Received a gift from Nemelex Xobeh
 67800 | Snake:2  | Reached skill level 5 in Conjurations
 67808 | Snake:2  | Reached skill level 5 in Air Magic
 69338 | Snake:3  | Received a gift from Nemelex Xobeh
 69818 | Snake:3  | Received a gift from Nemelex Xobeh
 70260 | Snake:3  | Reached skill level 5 in Poison Magic
 70849 | Snake:3  | Reached XP level 22. HP: 73/140 MP: 32/32
 71467 | Snake:3  | Got a coiled iron ring
 71476 | Snake:3  | Identified the cursed ring of Lyrenuuph {rC- EV-2 Str+3 Dex+4} (You found it on level 3 of the Snake Pit)
 71685 | Snake:4  | Entered Level 4 of the Snake Pit
 74128 | Snake:4  | Gained mutation: Your system is resistant to poisons. (rPois) [evolution]
 74803 | Snake:4  | Reached skill level 15 in Dodging
 74908 | Snake:4  | Reached skill level 15 in Armour
 75177 | Snake:4  | HP: 2/140 [naga sharpshooter/arrow (19)]
 75930 | Snake:4  | Got a serpentine rune of Zot
 76252 | Elf:1    | Entered Level 1 of the Elven Halls
 76270 | Elf:1    | Learned a level 2 spell: Swiftness
 76276 | Elf:1    | Learned a level 5 spell: Lightning Bolt
 76385 | Elf:1    | Received a gift from Nemelex Xobeh
 76415 | Elf:1    | Found Maloynist's Weapon Shop.
 76478 | Elf:1    | Found a shimmering altar of Xom.
 76489 | Elf:1    | Noticed Frances
 76513 | Elf:1    | Killed Frances
 76879 | Elf:1    | Learned a level 4 spell: Cause Fear
 77040 | Elf:1    | Reached skill level 5 in Shields
 77216 | Elf:1    | Received a gift from Nemelex Xobeh
 77316 | Elf:1    | Identified Vehumet's Collected Works on Conjuration
 77378 | Elf:1    | Reached XP level 23. HP: 144/144 MP: 34/34
 77391 | Elf:2    | Noticed Asterion
 77405 | Elf:2    | Killed Asterion
 77405 | Elf:2    | Reached skill level 16 in Stealth
 77808 | Elf:2    | Received a gift from Nemelex Xobeh
 77823 | Elf:2    | Found a ruined gateway.
 77832 | Desolati | Entered the Desolation of Salt
 78174 | Desolati | Learned a level 4 spell: Passage of Golubria
 78206 | Desolati | Got a dazzling buckler
 78208 | Desolati | Got a twisted rapier
 78210 | Desolati | Identified the +8 rapier "Kopuhyg" {distort, rF- rC+ Dex+4} (You found it in the Desolation of Salt)
 78241 | Desolati | Gained mutation: You are frail. (-10% HP) [mutagenic glow]
 78258 | Desolati | Identified the +3 buckler of the Gate {Dex+3} (You found it in the Desolation of Salt)
 78488 | Desolati | Killed from afar by a ragged hierophant

Skill      XL: |  1  2  3  4  5  6  7  8  9 10 11 12 13 14 15 16 17 18 19 20 21 22 23 |
---------------+----------------------------------------------------------------------+-----
Short Blades   | 2 3 4 5 6 7 9 11 12 13 14 | 14.0
Stealth        | 2 3 4 5 6 8 9 11 12 14 15 16 | 16.2
Fighting       | 2 3 4 5 6 8 10 11 12 14 15 | 15.5
Armour         | 3 7 8 9 10 11 12 13 15 | 15.0
Shields        | 3 4 5 6 |  6.1
Dodging        | 4 7 10 11 12 14 15 | 15.0
Invocations    | 2 8 11 12 | 12.0
Evocations     | 6 8 10 11 | 11.0
Summonings     | 3 6 |  6.0
Necromancy     | 4 6 7 |  7.0
Spellcasting   | 4 5 6 7 |  7.3
Charms         | 5 7 |  7.0
Ice Magic      | 1 |  1.1
Throwing       | 5 |  5.0
Translocations | 3 6 |  6.1
Hexes          | 1 6 8 |  8.0
Conjurations   | 2 6 |  6.0
Air Magic      | 2 6 |  6.0
Poison Magic   | 1 5 6 |  6.0

Action                   |  1- 3 |  4- 6 |  7- 9 | 10-12 | 13-15 | 16-18 | 19-21 | 22-24 || total
-------------------------+-------+-------+-------+-------+-------+-------+-------+-------++-------
Melee: Short sword       |    94 |     7 |       |       |       |       |       |       ||   101
       Kick              |    15 |    45 |   162 |   206 |   550 |   931 |  1219 |   496 ||  3624
       Peck              |     9 |    25 |   104 |   125 |   319 |   589 |   774 |   310 ||  2255
       Dagger            |       |   128 |   473 |       |       |       |       |       ||   601
       Rapier            |       |       |       |   690 |  1361 |  2013 |  2486 |   972 ||  7522
Throw: Throwing net      |       |       |       |       |     1 |     1 |       |       ||     2
       Tomahawk          |       |       |       |       |       |    64 |    20 |    21 ||   105
 Cast: Blink             |       |       |       |       |       |     1 |       |       ||     1
Invok: Stack Five        |       |       |       |       |     2 |     3 |     2 |     1 ||     8
       Triple Draw       |       |       |       |       |       |     8 |     2 |     2 ||    12
       Deal Four         |       |       |       |       |       |       |     2 |     1 ||     3
 Abil: Fly               |       |       |       |       |     4 |     2 |       |       ||     6
       Stop Flying       |       |       |       |       |     4 |     1 |       |       ||     5
       Evoke Invisibilit |       |       |       |       |       |       |     4 |       ||     4
Evoke: Wand              |       |     7 |    11 |     6 |     4 |    44 |     2 |     5 ||    79
       Deck              |       |       |       |     2 |     3 |    35 |    23 |    16 ||    79
       Lamp of fire      |       |       |       |       |     1 |     4 |     6 |     1 ||    12
       Phial of floods   |       |       |       |       |       |     2 |     3 |     3 ||     8
       Box of beasts     |       |       |       |       |       |       |     1 |       ||     1
       Sack of spiders   |       |       |       |       |       |       |       |     4 ||     4
       Fan of gales      |       |       |       |       |       |       |       |     1 ||     1
  Use: Scroll            |     3 |     9 |     5 |    12 |    17 |    19 |    17 |     2 ||    84
       Potion            |     1 |     2 |       |     3 |     2 |    10 |     9 |     2 ||    29
 Stab: Sleeping          |       |     4 |    12 |    11 |     8 |    41 |    38 |    11 ||   125
       Paralysed         |       |       |     1 |       |       |       |     1 |       ||     2
       Distracted        |       |       |       |     1 |     3 |    17 |     8 |     3 ||    32
       Held in net/web   |       |       |       |       |     1 |     1 |       |     1 ||     3
       Petrifying        |       |       |       |       |       |     1 |       |       ||     1
       Invisible         |       |       |       |       |       |       |     8 |       ||     8
       Petrified         |       |       |       |       |       |       |       |     2 ||     2
  Eat: Chunk             |     1 |    10 |    10 |    26 |    34 |    18 |    21 |     3 ||   123
       Ration            |       |       |     1 |     1 |     4 |    12 |    11 |     6 ||    35
Armor: Leather armour    |    19 |    21 |    77 |    28 |       |       |       |       ||   145
       Scale mail        |       |       |       |   143 |   327 |   432 |   396 |   135 ||  1433
Dodge: Dodged            |    74 |    73 |   226 |   374 |   909 |   918 |  1133 |   512 ||  4219
Block: Buckler           |       |       |    35 |   104 |   311 |   503 |   670 |   285 ||  1908
       Reflection        |       |       |       |       |       |       |    24 |    50 ||    74
